 Dungeon Crawl Stone Soup version 0.27-a0-1200-g94dc6ad4cf (webtiles) character file.

Game seed: 10877629782417876948

2972 wakim the Martial Artist (level 9, -20/56 HPs)
             Began as an Octopode Transmuter on May 30, 2021.
             Was an Initiate of Gozag.
             Demolished by Harold
             ... wielding a +0 battleaxe
              (24 damage)
             ... on level 7 of the Dungeon.
             The game lasted 00:36:18 (12499 turns).

wakim the Martial Artist (Octopode Transmuter)     Turns: 12499, Time: 00:36:18

Health: -20/56     AC:  2    Str: 10    XL:     9   Next: 82%
Magic:  13/13      EV: 20    Int: 15    God:    Gozag
Gold:   963        SH:  0    Dex: 20    Spells: 5/14 levels left

rFire    . . .     SeeInvis .     - Unarmed
rCold    . . .     Faith    .   (shield currently unavailable)
rNeg     . . .     Spirit   .   (helmet currently unavailable)
rPois    x         Reflect  .   o - amulet of magic regeneration
rElec    .         Harm     .   b - ring of willpower
rCorr    .         Rampage  .   (no ring)
Will     +....                  (no ring)
Stlth    +++.......             (no ring)
HPRegen  0.18/turn              (no ring)
MPRegen  0.38/turn              (no ring)
                                (no ring)
                                (no ring)

@: spider-form
A: venomous fangs, almost no armour, (amphibious), 8 rings, tiny, (camouflage
1), (gelatinous body 1), (nimble swimmer 1), (tentacles)
a: End Transformation, Renounce Religion, Potion Petition, Call Merchant, Bribe
Branch


You were on level 7 of the Dungeon.
You worshipped Gozag.
Gozag was pleased with you.
You were a venomous arachnid creature.
You visited 2 branches of the dungeon, and saw 8 of its levels.

You collected 1076 gold pieces.
You spent 90 gold pieces at shops.
You paid 23 gold pieces to Gozag.

Inventory:

Missiles
 c - 23 poisoned darts (quivered)
 f - 8 atropa-tipped darts
Jewellery
 b - a ring of willpower (left front leg)
 o - an amulet of magic regeneration (around neck)
Wands
 u - a wand of mindburst (14)
 v - a wand of flame (18)
 x - a wand of iceblast (9)
Scrolls
 g - a scroll of fear {unknown}
 R - 3 scrolls of magic mapping {!r}
 X - a scroll of fog
Potions
 a - 2 potions of degeneration {unknown}
 d - a potion of mutation {unknown}
 e - 2 potions of haste {unknown}
 h - a potion of ambrosia {unknown}
 i - 4 potions of curing
 j - a potion of magic {unknown}
 k - a potion of cancellation {unknown}
 l - a potion of invisibility
 J - 2 potions of heal wounds
 N - 2 potions of might


   Skills:
 + Level 3.0 Fighting
 + Level 3.0 Dodging
 - Level 4.0 Stealth
 + Level 9.1 Unarmed Combat
 * Level 3.0 Spellcasting
 + Level 8.9 Transmutations


You had 5 spell levels left.
You knew the following spells:

 Your Spells              Type           Power      Damage    Failure   Level
a - Beastly Appendage     Tmut           58%        N/A       3%          1
b - Hydra Form            Tmut           14%        N/A       32%         5
x - Spider Form           Tmut/Pois      7%         N/A       24%         3

Your spell library contained the following spells:

 Spells                   Type           Power      Damage    Failure   Level
 Wereblood                Tmut           29%        N/A       4%          2
 Corona                   Hex            2%         N/A       41%         1
 Magic Dart               Conj           8%         1d3       41%         1
 Summon Small Mammal      Summ           8%         N/A       41%         1
 Blink                    Tloc           N/A        N/A       52%         2
 Call Imp                 Summ           2%         N/A       52%         2
 Ensorcelled Hibernation  Hex/Ice        4%         N/A       52%         2
 Slow                     Hex            2%         N/A       52%         2
 Ice Form                 Ice/Tmut       15%        N/A       54%         4
 Call Canine Familiar     Summ           2%         N/A       73%         3
 Confusing Touch          Hex            2%         N/A       73%         3
 Conjure Flame            Conj/Fire      2%         6-21      73%         3
 Dazzling Flash           Conj/Hex       4%         N/A       73%         3
 Mephitic Cloud           Conj/Pois/Air  2%         N/A       73%         3
 Summon Guardian Golem    Hex/Summ       2%         N/A       73%         3
 Tukima's Dance           Hex            2%         N/A       73%         3
 Summon Ice Beast         Ice/Summ       2%         N/A       97%         4
 Summon Lightning Spire   Summ/Air       2%         N/A       97%         4


Dungeon Overview and Level Annotations

Branches:
Dungeon (7/15)             Temple (1/1) D:6

Altars:
Ashenzari
Cheibriados
Fedhas
Gozag
Kikubaaqudgha
Nemelex Xobeh
Okawaru
Qazlal
Ru
Sif Muna
Trog
Uskayaw
Vehumet
Wu Jian
Zin
Lugonu

Shops:
D:5 ?:!

Annotations:
D:6 exclusions: death knight and freezing wraith
D:7 Harold


Innate Abilities, Weirdness & Mutations

You are a venomous arachnid creature.
You have poisonous fangs.
You are tiny and dextrous.
Your spellcasting is less reliable in this form.
Your armour is entirely melded.
You are incapable of wielding weapons or throwing items.
You cannot wear most types of armour.
((You are amphibious.))
You can wear up to eight rings at the same time.
((Your skin changes colour to match your surroundings (Stealth+).))
((Your rubbery body absorbs attacks. (AC +1, EV +1)))
((You are camouflaged near water. (Stealth+)))
((You have tentacles for arms and can constrict up to eight enemies at once.))


Message History

There is an open door here.
You see here 12 sling bullets.
You open the door.
Unknown command.
This spell is quite dangerous to cast!
Memorise Hydra Form, consuming 5 spell levels and leaving 5?
You start memorising the spell.
You continue memorising. x5
You finish memorising.
Spell assigned to 'b'.
Casting: Spider Form (dangerous; 10% risk of failure)
Confirm with . or Enter, or press ? or * to list all spells.
You turn into a venomous arachnid creature.
Really crawl into a travel-excluded area?
There is an open door here.
Harold shouts!
Harold throws a throwing net.
The throwing net barely misses you. Harold hits you with a +0 battleaxe!
You hit Harold.
Harold is poisoned.
Harold is lightly wounded.
Harold hits you with a +0 battleaxe!!
Ouch! That really hurt!
* * * LOW HITPOINT WARNING * * *
You hit Harold.
Harold looks as sick as possible!
Harold is lightly wounded.
Harold gestures at you while chanting.
You barely resist.
There is an open door here.
Unknown command.
Harold throws a throwing net.
The throwing net completely misses you. Harold fires a harpoon shot at you.
The harpoon shot hits you!
* * * LOW HITPOINT WARNING * * *
You are yanked forward by the harpoon shot.
You barely miss Harold.
Harold is moderately wounded.
Harold closely misses you.
You bite Harold!
Harold looks as sick as possible!
Harold is moderately wounded.
Harold hits you with a +0 battleaxe!!
You die...
Your body crumbles into a pile of gold.

##..##....#...'...#...♣.♣.♣.♣..##
.#...#....'...#...#......_.....##
.#..##..###.(#######..♣.♣.♣.♣..+.
.+..##'#########.(##...........#.
.#..##..#.....#...##<.#.♣.♣.#...#
#####...'.....#...###.........###
#...##....'..............).#
######....#@.........#.....#
#...@.##s.##...###....###
#.....##..########....##.
#.....#..................
#.....#....(.............
#......###.###.......#..#.
####...###.###############
#.....#(...# #.....#....#
#.....'....#


You could see Harold (extremely poisoned).

Vanquished Creatures
  A two-headed ogre (D:7)
  Menkaure (D:5)
  An orc warrior (D:5)
  A black bear (D:5)
  3 sky beasts
  A necrophage (D:5)
  3 ogres
  A centaur (D:7)
  A kobold brigand (D:7)
  3 bullfrogs
  A scorpion (D:6)
  A wyvern skeleton (D:7)
  4 wights
  2 hounds
  2 jellies
  3 orc priests
  An iron imp (D:4)
  A gnoll shaman (D:5)
  4 iguanas
  4 orc wizards
  A killer bee zombie (D:7)
  A hound skeleton (D:4)
  Robin (D:4)
  A howler monkey skeleton (D:7)
  9 adders
  5 gnolls (D:5)
  2 ufetubi
  4 dart slugs
  25 orcs
  8 ball pythons
  5 endoplasms
  4 giant cockroaches
  13 goblins
  8 hobgoblins
  9 jackals
  2 quokkas (D:2)
  A bat (D:3)
  5 frilled lizards
  9 kobolds
  A quokka skeleton (D:4)
  2 rats
155 creatures vanquished.

Notes
Turn   | Place    | Note
-------+----------+-------------------------------------------
     0 | D:1      | wakim the Octopode Transmuter began the quest for the Orb.
     0 | D:1      | Reached XP level 1. HP: 13/13 MP: 3/3
    50 | D:1      | Reached XP level 2. HP: 12/18 MP: 5/5
   472 | D:1      | Reached XP level 3. HP: 23/23 MP: 6/6
  1179 | D:1      | Found a faded altar of an unknown god.
  1249 | D:2      | Learned a level 3 spell: Spider Form
  1701 | D:2      | Reached skill level 4 in Unarmed Combat
  1749 | D:2      | Reached XP level 4. HP: 29/29 MP: 5/7
  3081 | D:3      | Found a sacrificial altar of Ru.
  3081 | D:3      | Found a faded altar of an unknown god.
  3090 | D:3      | Found an ornate altar of the Wu Jian Council.
  3092 | D:3      | Found a faded altar of an unknown god.
  3093 | D:3      | Found an opulent altar of Gozag.
  3112 | D:3      | Became a worshipper of Gozag Ym Sagoz the Greedy
  3227 | D:3      | Found a blossoming altar of Fedhas.
  4036 | D:4      | Noticed a sky beast
  4257 | D:4      | Reached XP level 5. HP: 34/34 MP: 1/8
  4272 | D:4      | Noticed Robin
  4530 | D:4      | Found Zin's Purification Station.
  4530 | D:4      | Found a glowing silver altar of Zin.
  4538 | D:4      | Bought a potion of curing for 90 gold pieces
  4872 | D:4      | Killed Robin
  5108 | D:3      | Reached XP level 6. HP: 16/40 MP: 5/9
  5317 | D:3      | Killed a sky beast
  5318 | D:3      | Reached skill level 5 in Unarmed Combat
  5811 | D:4      | Reached XP level 7. HP: 39/45 MP: 6/10
  6358 | D:4      | Found a snail-covered altar of Cheibriados.
  6438 | D:5      | Entered Level 5 of the Dungeon
  6836 | D:5      | Found Fawadack's Distillery.
  7199 | D:5      | Reached skill level 5 in Transmutations
  7793 | D:5      | Found Toblok's Magic Scroll Shop.
  7804 | D:5      | Reached XP level 8. HP: 40/51 MP: 12/12
  7906 | D:5      | Noticed Menkaure
  8044 | D:5      | Reached skill level 6 in Unarmed Combat
  8533 | D:5      | Killed Menkaure
  8796 | D:5      | Found Ydothrauj's Book Shoppe.
  9134 | D:6      | Found a staircase to the Ecumenical Temple.
  9182 | D:6      | Found a hide-covered altar of Uskayaw.
  9303 | D:6      | Noticed a freezing wraith
  9312 | D:6      | Reached skill level 7 in Unarmed Combat
  9990 | D:6      | Noticed a death knight
 10066 | D:6      | Reached XP level 9. HP: 56/56 MP: 11/13
 10385 | Temple   | Entered the Ecumenical Temple
 11078 | D:7      | Found an iron altar of Okawaru.
 11250 | D:7      | Reached skill level 8 in Unarmed Combat
 11423 | D:7      | Identified the +0 leather armour of Disguise {Int+2 Dex+9
                  | Stlth-}
 12084 | D:7      | Noticed a two-headed ogre
 12116 | D:7      | Killed a two-headed ogre
 12117 | D:7      | Reached skill level 9 in Unarmed Combat
 12342 | D:7      | Noticed Harold
 12484 | D:7      | Learned a level 5 spell: Hydra Form
 12499 | D:7      | Demolished by Harold

Illustrated notes

Levels and vault maps discovered:
D:1:      heliophobic_arrival_battle_scene, layout_basic,
          shapermc_ecumenical_altar_mp_vishouse
D:2:      layout_loops_ring, serial_rivers, chequers_serial_rivers_micro_a,
          chequers_serial_rivers_room_a, chequers_serial_rivers_micro_e,
          chequers_serial_rivers_small_3
D:3:      minmay_wonky_spiral, layout_basic, lemuel_round_altar,
          chequers_temple_overflow_minitemple
D:4:      layout_basic, slow_altar_2, zin_purify, palyth_stone_intersect,
          small_statue_intersection, kennysheep_pointless_box, uniq_robin
D:5:      layout_gridville, serial_shops, kennysheep_mini_moat,
          nicolae_shop_stone, shop, uniq_menkaure
D:6:      layout_basic, nicolae_overflow_hidden_temple,
          minmay_temple_entry_statues, kennysheep_generic_room_13
D:7:      layout_gridville, okawaru_trees_1, uniq_harold
Temple:   corrupted_temple

Skill      XL: |  1  2  3  4  5  6  7  8  9 |
---------------+----------------------------+-----
Unarmed Combat | 4 5 7 9 |  9.1
Fighting       | 2 3 |  3.0
Dodging        | 3 |  3.0
Transmutations | 3 4 5 7 8 |  8.9
Stealth        | 4 |  4.0
Spellcasting   | 3 |  3.0

Action                   |  1- 3 |  4- 6 |  7- 9 || total
-------------------------+-------+-------+-------++-------
Melee: Unarmed           |    75 |   119 |   226 ||   420
       Kick              |    15 |    12 |     4 ||    31
       Constrict         |    21 |    21 |     8 ||    50
       Tentacles         |     8 |    16 |     4 ||    28
       Punch             |     1 |       |     1 ||     2
Throw: Dart              |     1 |     1 |     5 ||     7
 Cast: Beastly Appendage |    17 |    25 |     8 ||    50
       Spider Form       |       |    11 |    33 ||    44
  Use: Scroll            |       |     5 |     5 ||    10
 Stab: Sleeping          |     2 |     5 |     5 ||    12
       Distracted        |       |       |     1 ||     1
Armor: Skin              |     2 |     4 |     5 ||    11
Dodge: Dodged            |    37 |    72 |   194 ||   303

Table legend: (Time is in decaauts)
 A = Elapsed time spent in this place.
 B = Non-inter-level travel time spent in this place.
 C = Inter-level travel time spent in this place.
 D = Time resting spent in this place.
 E = Time spent auto-exploring this place.
 F = Levels seen in this place.
 G = Mean time per level.
                   A        B        C        D        E       F      G
               +--------+--------+--------+--------+--------+-----+--------+
         Total |  12468 |  12070 |    398 |   2105 |   7805 |   8 | 1558.5 |
       Dungeon |  12425 |  12038 |    387 |   2105 |   7777 |   7 | 1775.0 |
        Temple |     42 |     31 |     11 |      0 |     28 |   1 |   42.0 |
               +--------+--------+--------+--------+--------+-----+--------+

Top non-repeatable levels by time:
     D:5: 2728 daAuts
     D:4: 2024 daAuts
     D:3: 1904 daAuts
     D:2: 1747 daAuts
     D:7: 1646 daAuts
     D:1: 1216 daAuts
     D:6: 1156 daAuts
  Temple: 42 daAuts
